 Dungeon Crawl Stone Soup version 0.31.0-11-ge490571c62 (webtiles) character file.

Game seed: 3793781143862853658

14518 Yore the Basher (level 12, -14/80 HPs)
             Began as a Gargoyle Fighter on Feb 3, 2024.
             Was an Elder of the Shining One.
             Demolished by an ironbound thunderhulk
             ... wielding a +0 great mace
             ... summoned by a worldbinder
              (22 damage)
             ... on level 1 of the Abyss.
             The game lasted 00:26:07 (11086 turns).

Yore the Basher (Gargoyle Fighter)                 Turns: 11086, Time: 00:26:08

Health: -14/80     AC: 26    Str: 23    XL:     12   Next: 17%
Magic:  11/16      EV: 12    Int:  9    God:    the Shining One [****..]
Gold:   999        SH: 10    Dex: 17    Spells: 11/11 levels left

rFire   . . .        a - +1 flail
rCold   . . .        c - +0 buckler
rNeg    + + +        w - +0 acid dragon scales
rPois   ∞            B - +2 hat
rElec   +            v - +0 cloak
rCorr   +            i - +1 pair of gloves
SInv    .            (no boots)
Will    .....        d - amulet of reflection
Stlth   +            j - +4 ring of protection
HPRegen 0.33/turn    D - +6 ring of dexterity
MPRegen 0.15/turn

%: reflection
@: marked, glowing
A: sickness immunity, AC +8, negative energy resistance 1, electricity
resistance, torment resistance 1, petrification resistance
a: Renounce Religion, Divine Shield, Cleansing Flame


You were on level 1 of the Abyss.
You worshipped the Shining One.
The Shining One was greatly pleased with you.
You visited 1 branch of the dungeon, and saw 12 of its levels.
You visited the Abyss 1 time.
You also visited: Ossuary.

You collected 1263 gold pieces.
You spent 264 gold pieces at shops.

Inventory:

Hand Weapons
 a - a +1 flail (weapon)
Armour
 c - a +0 buckler (worn)
 i - a +1 pair of gloves (worn)
 v - a +0 cloak (worn)
 w - +0 acid dragon scales (worn)
 B - a +2 hat (worn)
Jewellery
 d - an amulet of reflection (around neck)
 j - a +4 ring of protection (left hand)
 n - a ring of ice
 D - a +6 ring of dexterity (right hand)
Wands
 e - a wand of flame (2)
 t - a wand of polymorph (16)
 F - a wand of light (12)
Scrolls
 h - 4 scrolls of poison
 p - a scroll of silence
 q - 2 scrolls of revelation
 u - 2 scrolls of fog
 y - 2 scrolls of fear {unknown}
 z - 3 scrolls of immolation
 A - a scroll of blinking {unknown}
 G - 3 scrolls of identify
 H - a scroll of amnesia {unknown}
Potions
 b - a potion of magic
 g - a potion of berserk rage
 k - a potion of brilliance
 l - 2 potions of attraction
 m - a potion of enlightenment
 o - a potion of resistance
 r - 3 potions of lignification
 s - 2 potions of mutation
 x - 2 potions of degeneration {unknown}
 C - 3 potions of haste {unknown}
 E - a potion of might


   Skills:
 * Level 11.6 Fighting
 - Level 14.0 Maces & Flails
 + Level 6.5 Armour
 + Level 2.9 Dodging
 - Level 4.0 Shields
 + Level 6.5 Invocations


You had 11 spell levels left.
You didn't know any spells.
Your spell library contained the following spells:

 Spells                   Type           Power      Damage    Failure   Level
 Foxfire                  Conj/Fire      0%         2x1d4     52%         1
 Slow                     Hex            0%         N/A       52%         1
 Call Imp                 Summ           0%         N/A       65%         2
 Confusing Touch          Hex            0%         N/A       87%         3
 Ozocubu's Armour         Ice            0%         N/A       87%         3
 Sigil of Binding         Hex            0%         N/A       87%         3
 Vampiric Draining        Necr           0%         2d6       87%         3
 Metabolic Englaciation   Hex/Ice        0%         N/A       100%        5
 Plasma Beam              Fire/Air       0%         2x1d10    100%        6
 Sculpt Simulacrum        Ice/Alch       0%         N/A       100%        6
 Starburst                Conj/Fire      0%         6d3       100%        6
 Ozocubu's Refrigeration  Ice            0%         4d7       100%        7
 Summon Hydra             Summ           0%         N/A       100%        7
 Polar Vortex             Ice            0%         N/A       100%        9
 Sublimation of Blood     Necr           Unusable   N/A       N/A         2

Dungeon Overview and Level Annotations

Branches:
Dungeon (12/15)            Temple (0/1) D:7            Lair (0/5) D:10
Ossuary (visited)
    Orc: D:9-12

Altars:
Ashenzari
Cheibriados
Makhleb
Okawaru
Ru
Uskayaw
Vehumet
Yredelemnul
Zin
The Shining One

Shops:
D:2 =   D:9 ?=   D:10 (

Annotations:
D:11 3 runed translucent doors, bayes525's ghost, journeyman DsFE
D:12 Erolcha


Innate Abilities, Weirdness & Mutations

You are immune to sickness and miasma.
Your stone body is resilient. (AC +8)
You are immune to poison.
You resist negative energy. (rN+)
You are resistant to electric shocks. (rElec)
You are resistant to unholy torment.
You are immune to petrification.


Message History

The worldbinder calls forth creatures from the Vaults!
You block the white very ugly thing's attack.
You barely miss the white very ugly thing.
The white very ugly thing is moderately wounded.
You block the worldbinder's attack.
The worldbinder hits you but does no damage.
The white very ugly thing kicks you.
The white very ugly thing freezes you!!!
You hit the worldbinder.
The worldbinder is lightly damaged.
The white very ugly thing disappears in a puff of smoke!
The ironbound thunderhulk hits you with a +0 dire flail.
The ironbound thunderhulk hits you with a +0 great mace!!
* * * LOW HITPOINT WARNING * * *
The vault sentinel casts a spell at you.
A sentinel's mark forms upon you.
An ettin zombie comes into view.
The worldbinder hits you.
* * * LOW HITPOINT WARNING * * *
You block the worldbinder's attack.
You hit the worldbinder but do no damage.
The worldbinder is lightly damaged.
You block the worldbinder's attack. The worldbinder hits you.
* * * LOW HITPOINT WARNING * * *
Unknown command.
Activating: Cleansing Flame (28% risk of failure)
Press: ? - help, Dir - look around, f - activate The golden flame engulfs you but does no damage.
You resist.
The golden flame engulfs the ironbound thunderhulk!
The ironbound thunderhulk is lightly wounded.
The golden flame engulfs the ironbound thunderhulk!
The ironbound thunderhulk is lightly wounded.
The golden flame engulfs the worldbinder!
The worldbinder is moderately damaged.
The golden flame engulfs the vault sentinel.
The vault sentinel is lightly wounded.
You block the worldbinder's attack. The worldbinder closely misses you.
The ironbound thunderhulk hits you with a +0 great mace!!
You die...

... #..# ## ..
. ##.#..## #..
##. ..#.. ...#
..##...#.Z.
#.##.O#.p# #
#.#O@x#
#.#...#....# #
###.......#.##
. #
.#.#.#..##.#
.. . ### ....
#### ..# ..#
#. #.###..#
#### .. # ....
#.. ##.# . ...
.#.##.. ..#
#.# # #....#


You could see 2 ironbound thunderhulks, a vault sentinel (summoned), a
worldbinder and an ettin zombie.

Vanquished Creatures
  Erica (D:9)
  3 two-headed ogres
  Lodul (D:10)
  Pikel (D:5)
  A manticore (D:12)
  Maurice (D:7)
  An unseen horror (D:11)
  2 gargoyles (D:12)
  A komodo dragon (D:10)
  4 trolls
  3 hornets
  A raiju (Abyss:1)
  A vampire (D:9)
  2 wraiths
  2 shadows (D:11)
  4 yaks (D:9)
  A fire bat (D:4)
  A basilisk (D:12)
  A steam dragon (D:10)
  2 acid dragons
  Duvessa (D:4)
  3 black bears
  5 orc warriors
  2 sky beasts (D:8)
  8 ogres
  2 wolves
  A centaur (D:9)
  A kobold brigand (D:7)
  3 bullfrogs
  A gnoll sergeant (D:9)
  3 scorpions (D:5)
  A burial acolyte (Ossuary)
  2 wights (Ossuary)
  4 killer bees (D:9)
  5 water moccasin skeletons (D:6)
  Dowan (D:4)
  An electric eel (D:10)
  4 howler monkeys
  A quasit (Abyss:1)
  2 bullfrog zombies (D:6)
  3 centaur zombies
  3 bombardier beetles
  10 hounds
  A centaur skeleton (D:6)
  13 orc priests
  A gnoll bouda (D:7)
  Ijyb (D:4)
  2 sleepcaps
  2 iguanas
  11 orc wizards
  2 mummies
  14 adders
  11 gnolls
  A shadow imp (D:7)
  2 white imps
  5 ufetubi
  2 ribbon worms
  4 dart slugs
  46 orcs
  7 ball pythons
  13 endoplasms
  4 giant cockroaches
  7 goblins
  7 hobgoblins
  4 jackals
  5 quokkas
  11 bats
  5 frilled lizards
  6 gnoll skeletons (Ossuary)
  15 kobolds
  11 kobold skeletons (Ossuary)
  A kobold zombie (D:5)
  3 orc skeletons (Ossuary)
  An orc zombie (D:5)
  6 rats
325 creatures vanquished.

Vanquished Creatures (others)
  5 starspawn tentacles (Abyss:1)
5 creatures vanquished.

Grand Total: 330 creatures vanquished

Notes
Turn   | Place    | Note
-------+----------+-------------------------------------------
     0 | D:1      | Yore the Gargoyle Fighter began the quest for the Orb.
     0 | D:1      | Reached XP level 1. HP: 14/14 MP: 1/1
    87 | D:1      | Reached XP level 2. HP: 19/19 MP: 2/2
   151 | D:1      | Reached skill level 3 in Maces & Flails
   397 | D:1      | Reached XP level 3. HP: 23/23 MP: 3/3
  1002 | D:2      | Reached skill level 4 in Maces & Flails
  1102 | D:2      | Reached XP level 4. HP: 28/28 MP: 4/4
  1125 | D:2      | Identified the +0 chain mail "Foumeeg" {+Inv rF- Dex+6}
  1157 | D:2      | Found Cynlufen's Jewellery Shop.
  1637 | D:3      | Reached XP level 5. HP: 33/33 MP: 5/5
  1850 | D:3      | Found a sacrificial altar of Ru.
  1850 | D:3      | Found an iron altar of Okawaru.
  1850 | D:3      | Found a burning altar of Makhleb.
  2367 | D:3      | Reached skill level 5 in Fighting
  2596 | D:4      | Noticed an ogre
  2600 | D:4      | an ogre changed into a fire bat
  2600 | D:4      | Noticed a fire bat
  2611 | D:4      | Killed a fire bat
  2612 | D:4      | Reached XP level 6. HP: 41/41 MP: 6/6
  2940 | D:4      | Reached XP level 7. HP: 48/48 MP: 7/7
  3102 | D:4      | Noticed Duvessa
  3102 | D:4      | Noticed Dowan
  3119 | D:4      | Killed Duvessa
  3120 | D:4      | Reached skill level 5 in Maces & Flails
  3125 | D:4      | Killed Dowan
  3256 | D:4      | Noticed Ijyb
  3272 | D:4      | Killed Ijyb
  3379 | D:5      | Entered Level 5 of the Dungeon
  3387 | D:5      | Reached skill level 6 in Maces & Flails
  3563 | D:5      | Noticed Pikel
  3584 | D:5      | Killed Pikel
  3585 | D:5      | Reached skill level 8 in Maces & Flails
  3585 | D:5      | Reached XP level 8. HP: 28/53 MP: 8/8
  3628 | D:5      | Found a glowing golden altar of the Shining One.
  3631 | D:5      | Became a worshipper of the Shining One
  3768 | D:5      | Found a sand-covered staircase.
  3781 | Ossuary  | Entered an ossuary
  3843 | Ossuary  | Reached * piety under the Shining One
  4024 | Ossuary  | Reached ** piety under the Shining One
  4048 | Ossuary  | Found an ancient bone altar of Kikubaaqudgha.
  4069 | Ossuary  | Reached skill level 1 in Invocations
  4072 | Ossuary  | Reached XP level 9. HP: 57/59 MP: 8/10
  4799 | D:6      | Reached skill level 5 in Invocations
  4893 | D:6      | Reached *** piety under the Shining One
  4920 | D:6      | Reached skill level 5 in Armour
  5113 | D:6      | Reached skill level 9 in Maces & Flails
  5516 | D:6      | Found a broken altar of Ashenzari.
  5733 | D:7      | Found a radiant altar of Vehumet.
  5747 | D:7      | Noticed Jeremiah
  5748 | D:7      | Jeremiah changed into Jeremiah the hornet
  5748 | D:7      | Noticed Jeremiah
  5770 | D:7      | Killed Jeremiah the hornet
  5868 | D:7      | Found a staircase to the Ecumenical Temple.
  6006 | D:7      | Reached XP level 10. HP: 66/66 MP: 13/13
  6030 | D:7      | Found a hide-covered altar of Uskayaw.
  6192 | D:7      | Noticed Maurice
  6210 | D:7      | Maurice stole 39 gold
  6213 | D:7      | Killed Maurice
  6214 | D:7      | Reached skill level 10 in Maces & Flails
  6523 | D:8      | Reached **** piety under the Shining One
  6606 | D:8      | Reached skill level 10 in Fighting
  6933 | D:8      | Reached skill level 11 in Maces & Flails
  7257 | D:9      | Noticed Erica
  7257 | D:9      | Found a glowing silver altar of Zin.
  7271 | D:9      | Killed Erica
  7489 | D:9      | Found Hed Fugh's Magic Scroll Shoppe.
  7494 | D:9      | Bought a scroll of revelation for 120 gold pieces
  7494 | D:9      | Bought a scroll of teleportation for 48 gold pieces
  7494 | D:9      | Bought a scroll of identify for 32 gold pieces
  7497 | D:9      | Bought a scroll of identify for 32 gold pieces
  7497 | D:9      | Bought a scroll of identify for 32 gold pieces
  7517 | D:9      | Found Qusy's Jewellery Shoppe.
  7532 | D:9      | Reached skill level 12 in Maces & Flails
  7693 | D:9      | Reached XP level 11. HP: 72/72 MP: 14/14
  7788 | D:9      | Noticed a two-headed ogre
  7806 | D:9      | Killed a two-headed ogre
  7807 | D:9      | Reached skill level 13 in Maces & Flails
  8125 | D:10     | Entered Level 10 of the Dungeon
  8227 | D:10     | Noticed Lodul
  8594 | D:10     | Killed Lodul
  8595 | D:10     | Reached skill level 14 in Maces & Flails
  8643 | D:10     | Found a staircase to the Lair.
  8766 | D:10     | Found Sexzurak's Weapon Emporium.
  8801 | D:10     | The Shining One protects you from harm!
  9163 | D:10     | Found a snail-covered altar of Cheibriados.
  9442 | D:11     | Reached skill level 1 in Dodging
  9515 | D:11     | Noticed a two-headed ogre
  9532 | D:11     | Killed a two-headed ogre
  9570 | D:11     | Found a runed translucent gate.
  9570 | D:11     | Found a runed translucent gate.
  9570 | D:11     | Found a runed translucent gate.
  9570 | D:11     | Noticed bayes525's ghost (journeyman DsFE)
  9572 | D:11     | Found a basalt altar of Yredelemnul.
 10364 | D:12     | Noticed a manticore
 10373 | D:12     | Killed a manticore
 10374 | D:12     | Reached XP level 12. HP: 47/80 MP: 16/16
 10700 | D:12     | Noticed a two-headed ogre
 10711 | D:12     | Killed a two-headed ogre
 10787 | D:12     | Noticed Erolcha
 10797 | Abyss:1  | Cast into level 1 of the Abyss (Erolcha)
 10864 | Abyss:1  | Noticed a tentacled starspawn
 11079 | Abyss:1  | Noticed a white very ugly thing
 11083 | Abyss:1  | Noticed an ironbound thunderhulk
 11083 | Abyss:1  | Noticed an ironbound thunderhulk
 11086 | Abyss:1  | Demolished by an ironbound thunderhulk

Illustrated notes

Levels and vault maps discovered:
D:1:      psy_arrival_dodecagon, layout_basic, st_stairs_12,
          minmay_misc_feat_four_crosses, patterned_corridor
D:2:      layout_basic, serial_shops, shop
D:3:      minmay_thinvault, layout_loops_ring, gammafunk_temple_overflow_claw
D:4:      kb_forest_paths, layout_rooms, uniq_duvessa, uniq_ijyb
D:5:      layout_rooms, tso_oasis_becter, nicolae_ossuary_entry_giza, uniq_pikel
D:6:      layout_loops_cross, mainiacjoe_overflow_brackets, serial_undead,
          serial_undead_f, serial_undead_e, serial_undead_e, serial_undead_d,
          serial_park_tiny_1, hangedman_decor_riveting
D:7:      layout_loops_cross, mainiacjoe_overflow_alcove_2, vehumet_crystals,
          temple_pool_b, uniq_maurice, uniq_jeremiah
D:8:      cheibrodos_quashed, layout_basic, minmay_orc_keep
D:9:      layout_roguey, amcnicky_altar_gilded, serial_shops,
          nicolae_shop_gaudy_bauble, shop, uniq_erica
D:10:     layout_irregular_city, overflow_temple_1_default, erik_lair_island,
          serial_shops, nicolae_shop_advertising_works
          [nicolae_subvault_shop_adworks], uniq_lodul
D:11:     layout_cave_pools, nicolae_yredelemnul_ghost_church
D:12:     layout_rooms, orc_0_dummy, uniq_erolcha
Abyss:1:  base: D:12, evilmike_abyss_exit_2, minivault_25

Skill      XL: |  1  2  3  4  5  6  7  8  9 10 11 |
---------------+----------------------------------+-----
Maces & Flails | 3 4 8 9 12 14 | 14.0
Fighting       | 6 7 9 10 11 | 11.6
Shields        | 4 |  4.0
Invocations    | 2 5 6 |  6.5
Armour         | 5 6 |  6.5
Dodging        | 2 |  2.9

Action                     |  1- 3 |  4- 6 |  7- 9 | 10-12 || total
---------------------------+-------+-------+-------+-------++-------
  Melee: Flail             |   108 |   244 |   393 |   514 ||  1259
 Invoke: Divine Shield     |       |       |     1 |     3 ||     4
         Cleansing Flame   |       |       |       |     3 ||     3
  Evoke: Wand              |       |     3 |     6 |    20 ||    29
    Use: Scroll            |       |     8 |     8 |     5 ||    21
         Potion            |       |       |     3 |     4 ||     7
 Armour: Scale mail        |    69 |     2 |       |       ||    71
         Chain mail        |       |   195 |   306 |    90 ||   591
         Acid dragon scale |       |       |       |   202 ||   202
  Dodge: Dodged            |    48 |    80 |   113 |   187 ||   428
  Block: Buckler           |    25 |    77 |   110 |   280 ||   492
         Reflection        |       |       |       |     4 ||     4
